 Dungeon Crawl Stone Soup version 0.19.1-1-g22dce08 (webtiles) character file.

462 ImaNewbie the Ruffian (level 7, -5/61 HPs)
             Began as a Ghoul Monk on Jan 16, 2017.
             Slain by BoredOne's ghost (14 damage)
             ... on level 4 of the Dungeon.
             The game lasted 00:10:53 (3703 turns).

ImaNewbie the Ruffian (Ghoul Monk)                  Turns: 3703, Time: 00:10:54

Health: -5/61      AC:  9    Str: 15    XL:     7   Next: 7%
Magic:  6/6        EV: 20    Int:  6    God:
Gold:   200        SH:  0    Dex: 17    Spells: 0 memorised, 6 levels left

rFire  . . .     SeeInvis .       - Unarmed
rCold  + . .     Gourm    .     l - +0 scale mail
rNeg   + + +     Faith    .     (no shield)
rPois  ∞         Spirit   .     x - +0 helmet
rElec  .         Reflect  .     n - +0 cloak
rCorr  .         Harm     .     (no gloves)
MR     .....                    t - +0 pair of boots
Stlth  ++........               (no amulet)
                                v - +3 ring of slaying
                                c - +5 ring of evasion

@: agile, rotting
A: rotting body, claws 1, carnivore 3, cold resistance 1, negative energy
resistance 3, slow regeneration 1, torment resistance, unbreathing
a: no special abilities


You were on level 4 of the Dungeon.
You were not hungry.

You visited 1 branch of the dungeon, and saw 4 of its levels.

You collected 200 gold pieces.

Inventory:

Missiles
 a - 40 sling bullets
 g - 77 stones (quivered)
Armour
 l - a +0 scale mail (worn)
 n - a +0 cloak (worn)
 t - a +0 pair of boots (worn)
 x - a +0 helmet (worn)
Jewellery
 c - a +5 ring of evasion (left claw)
 j - an uncursed ring of protection from cold
 v - a +3 ring of slaying (right claw)
 w - an uncursed ring of fire
Wands
 m - a wand of paralysis (14/24)
Scrolls
 e - a scroll of noise {unknown}
 i - a scroll of amnesia
 r - 2 scrolls of identify
 s - a scroll of magic mapping {unknown}
 u - 5 scrolls of remove curse
Potions
 f - a potion of curing
 p - a potion of degeneration {unknown}
 q - a potion of brilliance {unknown}
Comestibles
 b - 4 meat rations
 d - 3 beef jerkies
 o - 2 slices of pizza


   Skills:
 + Level 5.2 Fighting
 - Level 2.6 Dodging
 - Level 2.1 Stealth
 + Level 7.4 Unarmed Combat


You had 6 spell levels left.
You didn't know any spells.

Dungeon Overview and Level Annotations

Branches:
Dungeon (4/15)
 Temple: D:4-7

Altars:
Ashenzari
Fedhas
Makhleb
Sif Muna
Vehumet
Xom
Yredelemnul

Annotations:
D:4 BoredOne's ghost, novice CeHu


Innate Abilities, Weirdness & Mutations

Your body is rotting away.
You thrive on raw meat.
You are immune to poison.
You have sharp fingernails.
You are carnivorous and can eat meat at any time.
Your flesh is cold resistant. (rC+)
You are immune to negative energy. (rN+++)
You regenerate slowly when monsters are visible.
You are immune to unholy pain and torment.
You can survive without breathing.


Message History

BoredOne's ghost hits you!
* * * LOW HITPOINT WARNING * * *
Okay, then.
Unknown command.
Okay, then.
Unknown command.
Evoke which item? (* to show all) (? for menu, Esc to quit)
Zapping:
m - a wand of paralysis (will waste charges)
Press: ? - help, Shift-Dir - straight line, f - BoredOne's ghost
Aim: BoredOne's ghost (chance to defeat MR: 24%)
Okay, then.
Unknown command.
Unknown command.
It was a potion of curing.
You feel better.
f - a potion of curing;
l - a +0 scale mail (worn)
BoredOne's ghost hits you!
* * * LOW HITPOINT WARNING * * *
You feel agile all of a sudden. BoredOne's ghost hits you!
You die...

#.W.......#.>####.##
#.#@......#..##...##
#.#....)[.......# #
#.#.............# #
#.#######.......# # #.#
#......<...#### #.#
#..........#... #.#
#.......####... #.#
#.......# #... #.#
####....# #...
####.#### #.#.## #..>
#.......# #.#.#####.<.
#.......# #.#.##....§.
#.......# #.#.##....#.
#.......####.#.##....#.
##....##...#...........
#........)#.#.......#.


You could see BoredOne's ghost.

Vanquished Creatures
  A scorpion (D:4)
  A howler monkey (D:4)
  3 hounds (D:4)
  An orc priest (D:4)
  An orc wizard (D:3)
  2 worker ants
  Robin (D:3)
  3 adders (D:2)
  3 gnolls (D:4)
  2 oozes
  An adder skeleton (D:4)
  3 worms
  3 dart slugs
  5 leopard geckos
  6 orcs
  A ball python (D:4)
  5 giant cockroaches
  12 goblins
  8 hobgoblins
  3 jackals
  A quokka (D:2)
  5 bats
  5 frilled lizards
  A jackal skeleton (D:4)
  6 kobolds
  A leopard gecko skeleton (D:4)
  8 rats
  A bush (D:2)
  A butterfly (D:3)
94 creatures vanquished.

Vanquished Creatures (others)
  A butterfly (D:3)
1 creature vanquished.

Grand Total: 95 creatures vanquished

Notes
Turn   | Place    | Note
-------+----------+-------------------------------------------
     0 | D:1      | ImaNewbie the Ghoul Monk began the quest for the Orb.
     0 | D:1      | Reached XP level 1. HP: 19/19 MP: 0/0
   377 | D:1      | Reached XP level 2. HP: 20/26 MP: 1/1
   455 | D:1      | Reached skill level 4 in Unarmed Combat
  1073 | D:2      | Reached XP level 3. HP: 30/30 MP: 2/2
  1144 | D:2      | Reached skill level 5 in Unarmed Combat
  1276 | D:2      | Reached XP level 4. HP: 38/38 MP: 3/3
  1298 | D:2      | Found a deep blue altar of Sif Muna.
  1506 | D:2      | Found a blossoming altar of Fedhas.
  1836 | D:3      | Found a radiant altar of Vehumet.
  1837 | D:3      | Found a shimmering altar of Xom.
  2030 | D:3      | Noticed Robin
  2096 | D:3      | Killed Robin
  2096 | D:3      | Reached skill level 6 in Unarmed Combat
  2099 | D:3      | Reached XP level 5. HP: 32/45 MP: 4/4
  2478 | D:4      | Found a burning altar of Makhleb.
  2515 | D:4      | Noticed BoredOne's ghost (novice CeHu)
  2737 | D:4      | Reached XP level 6. HP: 48/52 MP: 5/5
  2938 | D:4      | Found a shattered altar of Ashenzari.
  2956 | D:3      | Reached skill level 7 in Unarmed Combat
  3030 | D:4      | Reached skill level 5 in Fighting
  3287 | D:4      | Reached XP level 7. HP: 61/61 MP: 6/6
  3348 | D:4      | Found a basalt altar of Yredelemnul.
  3703 | D:4      | Slain by BoredOne's ghost

Skill      XL: |  1  2  3  4  5  6 |
---------------+-------------------+-----
Unarmed Combat | 4 5 6 7 |  7.4
Fighting       | 4 5 |  5.2
Dodging        | |  2.6
Stealth        | |  2.1

Action                   |  1- 3 |  4- 6 |  7- 9 || total
-------------------------+-------+-------+-------++-------
Melee: Unarmed           |    99 |   238 |    23 ||   360
       Punch             |     2 |     5 |       ||     7
  Use: Scroll            |     3 |     1 |       ||     4
       Potion            |       |       |     2 ||     2
 Stab: Sleeping          |     5 |     1 |       ||     6
  Eat: Chunk             |     7 |     9 |     2 ||    18
Armor: Robe              |     4 |       |       ||     4
       Leather armour    |     5 |    23 |       ||    28
       Ring mail         |       |     1 |       ||     1
       Scale mail        |       |       |    10 ||    10
Dodge: Dodged            |    68 |   155 |    12 ||   235
